Map: [ESL] Babylon

Players

BabyMarine

  • Race: Terran Terran
  • Spawn Location: 11:00

Harstem - Winner!

  • Race: Protoss Protoss
  • League: Master
  • Spawn Location: 5:00

Event: HomeStory Cup XXIII

VOD

Have the link to the VOD?

Description

Time

  • Played on: June 30, 2023, 10:37 a.m.
  • Length: 16:55

All games in this series

Show
View Real Time Build Order
Export as new Build Order

BabyMarine Terran 

Build Orders: Reaper Expand 

Get SALT Encoding   

  12  0:00  SCV  
  13  0:12  SCV  
  14  0:17  Supply Depot  
  14  0:24  SCV  
  15  0:38  SCV  
  15  0:40  Barracks  
  16  0:44  Refinery  
  16  0:50  SCV  
  17  1:02  SCV  
  18  1:15  SCV  
  19  1:27  Orbital Command, Reaper  
  20  1:42  Command Center  
  20  1:52  SCV, Supply Depot  
  21  1:59  Marine  
  22  2:04  SCV  
  23  2:08  Factory  
  23  2:16  SCV  
  25  2:24  Barracks Reactor  
  25  2:25  Bunker  
  25  2:29  SCV, Refinery  
  25  2:41  SCV  
  26  2:53  SCV  
  26  2:56  Orbital Command, Hellion  
  28  3:01  Starport  
  28  3:03  Marine x2  
  28  3:05  SCV  
  31  3:17  SCV  
  34  3:20  Widow Mine, Marine  
  34  3:21  Marine, Supply Depot  
  34  3:22  SCV  
  37  3:31  SCV  
  38  3:34  SCV  
  39  3:41  Viking  
  39  3:42  Marine x2, Factory Tech Lab  
  39  3:43  SCV  
  44  3:49  SCV  
  44  3:52  Barracks  
  43  3:55  SCV  
  43  4:00  Marine x2  
  43  4:01  Cyclone  
  50  4:02  SCV  
  50  4:10  Supply Depot  
  50  4:11  SCV  
  50  4:12  Starport Tech Lab  
  50  4:14  Barracks  
  50  4:16  SCV  
  52  4:19  Marine x2  
  54  4:27  Supply Depot  
  54  4:28  Engineering Bay  
  54  4:32  Raven, SCV  
  54  4:35  SCV  
  54  4:37  Refinery  
  54  4:38  Marine  
  59  4:40  Factory Reactor  
  59  4:45  SCV  
  60  4:47  Stimpack  
  60  4:48  SCV  
  60  4:49  Marine  
  60  4:50  Supply Depot  
  60  4:52  Marine  
  63  4:56  Terran Infantry Weapons Level 1  
  63  4:57  SCV  
  64  5:00  Supply Depot  
  64  5:02  SCV  
  65  5:11  Marine x4  
  65  5:12  Starport Reactor  
  65  5:14  SCV, Supply Depot  
  69  5:16  SCV  
  69  5:18  Widow Mine x2  
  75  5:22  Combat Shield  
  75  5:27  SCV  
  75  5:28  SCV, Missile Turret  
  77  5:31  Supply Depot  
  77  5:37  Marine x2  
  77  5:38  Marauder x2  
  83  5:43  SCV  
  84  5:52  Medivac x2  
  84  5:53  Refinery  
  84  5:55  Supply Depot  
  88  5:58  Widow Mine, SCV  
  88  6:00  Marine  
  88  6:01  Marine  
  88  6:03  Missile Turret  
  93  6:06  Marauder  
  93  6:09  Marauder  
  97  6:19  Command Center  
  97  6:20  Marine  
  97  6:21  Marine  
  99  6:26  SCV x2  
  101  6:36  Barracks  
  101  6:37  Barracks  
  101  6:38  Marauder  
  103  6:42  Marauder, Marine x2  
  107  6:47  Medivac  
  109  7:02  SCV  
  110  7:11  Medivac  
  110  7:13  Marine  
  110  7:14  Marauder x2, Marine  
  110  7:15  Terran Infantry Armor Level 1  
  110  7:21  SCV  
  106  7:23  Concussive Shells  
  106  7:24  Widow Mine x2, Barracks Reactor, Barracks Tech Lab  
  110  7:30  Medivac  
  110  7:33  SCV x2  
  110  7:34  Ghost Academy  
  114  7:38  Marauder, Marine  
  114  7:39  Marauder, Marine  
  114  7:41  Viking  
  122  7:46  Supply Depot  
  122  7:47  SCV  
  127  7:51  Widow Mine x2  
  127  8:00  Viking  
  127  8:02  Marine  
  127  8:03  Marauder  
  132  8:08  Marauder x2, Supply Depot  
  132  8:11  SCV x2  
  135  8:19  Orbital Command  
  121  8:24  Marine, Marauder  
  117  8:29  Marauder  
  117  8:33  Ghost  
  116  8:36  SCV x2  
  116  8:37  Marine x3  
  121  8:45  Ghost  
  124  8:48  SCV x2  
  124  8:50  SCV, Ghost  
  128  8:57  Armory, Marine  
  128  8:59  Engineering Bay  
  128  9:02  Marine x3, Bunker  
  130  9:04  SCV  
  130  9:05  SCV  
  130  9:08  SCV  
  135  9:17  SCV  
  133  9:19  Marine x2  
  133  9:20  Marauder x2  
  133  9:22  SCV  
  136  9:28  Bunker  
  136  9:29  SCV x2  
  138  9:34  Viking x2  
  138  9:36  Supply Depot  
  136  9:38  Marine  
  136  9:39  Marine, Marauder  
  136  9:40  SCV  
  136  9:41  SCV  
  136  9:42  SCV  
  143  9:48  Terran Infantry Weapons Level 2  
  143  9:52  SCV  
  144  9:53  SCV  
  144  9:57  Marine x2  
  144  9:58  Marauder  
  147  10:02  Terran Infantry Armor Level 2  
  147  10:04  Marine x2  
  147  10:05  Marauder x2, SCV  
  148  10:07  SCV  
  148  10:08  SCV  
  148  10:15  Marine, Refinery  
  148  10:16  Refinery  
  148  10:20  Supply Depot  
  149  10:26  Marine x2, Marauder x2  
  155  10:30  Command Center  
  155  10:34  Viking  
  157  10:36  Supply Depot  
  157  10:41  Viking  
  159  10:44  Marauder  
  159  10:46  Widow Mine x2  
  159  10:49  Missile Turret  
  165  10:55  Marine x3  
  165  10:56  Marine  
  165  11:02  Marine, Marauder  
  165  11:03  SCV x2  
  145  11:05  Marine  
  124  11:12  Marine x2  
  124  11:14  Marine  
  124  11:17  SCV  
  117  11:20  Marauder  
  117  11:22  Widow Mine x2  
  117  11:23  Marauder  
  117  11:24  Marauder, SCV  
  125  11:28  SCV  
  125  11:29  SCV  
  121  11:35  Medivac x2  
  121  11:36  SCV  
  122  11:40  SCV  
  122  11:42  Marauder  
  122  11:44  Marine x2  
  122  11:45  Marauder x2  
  130  11:47  Marine  
  130  11:50  SCV  
  130  11:53  Marine  
  131  11:55  SCV  
  136  12:01  Widow Mine x2  
  136  12:03  Marauder  
  136  12:05  SCV x2  
  136  12:07  SCV  
  136  12:08  Marine  
  142  12:12  Marine x2  
  144  12:18  SCV  
  144  12:22  Ghost  
  145  12:24  SCV  
  145  12:27  Marine  
  135  12:34  Planetary Fortress  
  135  12:36  Marauder  
  137  12:39  Viking  
  137  12:42  Viking  
  141  12:45  SCV x3  
  141  12:49  Ghost  
  142  13:02  Marine x4, Marauder x2  
  150  13:09  Medivac  
  150  13:12  SCV x4  
  156  13:18  Marauder  
  158  13:24  SCV x3, Marauder  
  158  13:25  Bunker  
  161  13:32  Viking  
  161  13:33  Marauder  
  161  13:40  Marauder  
  163  13:41  Viking  
  163  13:42  SCV x3  
  163  13:44  SCV, Missile Turret  
  163  13:47  Terran Infantry Weapons Level 3  
  169  13:51  Sensor Tower  
  169  13:53  Marauder  
  169  13:54  SCV, Marauder  
  174  13:56  SCV  
  173  14:12  Marine x2, Marauder  
  177  14:19  Marine, Marauder  
  177  14:20  Marine  
  180  14:25  SCV  
  180  14:26  SCV  
  180  14:27  SCV  
  180  14:29  Barracks  
  180  14:31  Barracks  
  180  14:33  Barracks, Command Center  
  180  14:43  SCV  
  180  14:51  Supply Depot  
  180  14:56  Refinery  
  180  14:57  Refinery  
  180  15:01  Marauder  
  180  15:06  Marauder  
  180  15:13  Marauder  
  182  15:14  Marine x2  
  184  15:23  Marauder  
  184  15:24  Orbital Command, SCV  
  184  15:26  SCV  
  184  15:27  Marine x2, Marauder  
  175  15:30  SCV  
  175  15:33  Marine x2  
  175  15:34  Marauder  
  138  15:43  Barracks Tech Lab x2  
  138  15:44  Marauder, Barracks Reactor  
  138  15:47  SCV x3  
  138  15:49  Marauder  
  141  15:52  SCV, Marine  
  141  15:53  Marine  
  141  15:54  Marine  
  141  15:56  Marauder  
  136  15:57  Marine  
  136  16:02  Marine, Marauder  
  135  16:05  Marauder  
  135  16:10  Marine, Marauder  
  135  16:11  Marine x2  
  135  16:15  Marine  
  135  16:17  Marauder  
  138  16:20  Marine x2, Marauder  
  138  16:24  Marauder  
  142  16:27  Marauder  
  142  16:28  Marine  
  142  16:29  Marine  
  142  16:32  Marauder  
  151  16:34  Marine x2  
Show
View Real Time Build Order
Export as new Build Order

Harstem Protoss - Winner!

Build Orders: 1 Gate Expand, Phoenix Opening, Colossus Rush 

Get SALT Encoding   

  12  0:00  Probe  
  13  0:12  Probe  
  14  0:17  Pylon  
  14  0:24  Probe (Chrono Boost)  
  15  0:36  Probe (Chrono Boost)  
  15  0:38  Gateway  
  16  0:44  Probe (Chrono Boost)  
  16  0:47  Assimilator  
  17  0:51  Probe  
  18  1:03  Probe  
  19  1:15  Probe  
  20  1:26  Cybernetics Core  
  20  1:35  Nexus  
  20  1:40  Pylon  
  20  1:43  Probe  
  21  1:51  Assimilator  
  21  1:55  Probe  
  21  2:00  Adept (Chrono Boost)  
  22  2:08  Probe  
  25  2:20  Probe (Chrono Boost)  
  26  2:22  Adept  
  26  2:26  Stargate  
  28  2:32  Probe (Chrono Boost)  
  28  2:35  Warp Gate  
  29  2:40  Probe (Chrono Boost)  
  30  2:46  Probe  
  30  2:47  Probe (Chrono Boost)  
  33  2:59  Probe (Chrono Boost)  
  33  3:04  Probe (Chrono Boost)  
  34  3:08  Probe (Chrono Boost)  
  34  3:09  Phoenix  
  34  3:12  Probe (Chrono Boost), Robotics Facility  
  38  3:13  Probe (Chrono Boost)  
  39  3:23  Pylon  
  39  3:24  Assimilator  
  39  3:25  Probe (Chrono Boost)  
  41  3:28  Probe (Chrono Boost)  
  41  3:32  Probe (Chrono Boost)  
  42  3:35  Probe (Chrono Boost)  
  42  3:36  Phoenix  
  42  3:40  Probe  
  46  3:46  Probe  
  47  3:48  Assimilator  
  47  3:52  Probe  
  48  3:58  Pylon  
  48  3:59  Probe  
  48  4:01  Robotics Bay  
  49  4:04  Probe  
  49  4:08  Gateway  
  50  4:10  Observer (Chrono Boost)  
  50  4:11  Probe  
  50  4:13  Pylon  
  50  4:16  Probe  
  54  4:29  Immortal (Chrono Boost), Sentry  
  60  4:34  Nexus  
  60  4:37  Pylon  
  59  4:39  Probe  
  59  4:41  Probe  
  61  4:51  Probe  
  62  4:53  Probe  
  62  4:57  Colossus (Chrono Boost)  
  69  5:02  Forge  
  69  5:03  Probe  
  69  5:05  Twilight Council  
  69  5:06  Probe  
  71  5:11  Extended Thermal Lance  
  71  5:17  Probe, Pylon  
  71  5:19  Probe  
  71  5:20  Observer  
  73  5:25  Sentry  
  75  5:29  Probe  
  75  5:32  Probe  
  77  5:36  Colossus (Chrono Boost)  
  77  5:41  Probe  
  84  5:44  Probe  
  84  5:45  Probe, Pylon  
  84  5:48  Pylon  
  85  5:53  Probe  
  85  5:56  Probe  
  88  6:04  Shield Battery  
  88  6:05  Probe  
  88  6:07  Phoenix  
  88  6:10  Protoss Ground Weapons Level 1  
  88  6:11  Gateway  
  90  6:12  Probe, Gateway  
  90  6:14  Shield Battery, Sentry  
  90  6:15  Zealot  
  95  6:21  Probe  
  96  6:27  Gateway  
  96  6:29  Charge (Chrono Boost), Gateway  
  96  6:31  Colossus (Chrono Boost)  
  102  6:34  Probe x2  
  102  6:37  Pylon  
  102  6:39  Probe  
  105  6:41  Zealot x2  
  105  6:46  Pylon  
  104  7:01  Zealot x2  
  104  7:06  Zealot  
  100  7:11  Probe  
  100  7:15  Probe  
  100  7:16  Probe  
  100  7:20  Immortal (Chrono Boost), Zealot  
  100  7:21  Pylon  
  105  7:23  Probe, Phoenix (Chrono Boost)  
  105  7:27  Probe  
  109  7:31  Photon Cannon, Shield Battery  
  109  7:32  Pylon  
  109  7:35  Zealot x3  
  115  7:42  Phoenix  
  117  7:46  Zealot x3  
  119  7:58  Probe  
  120  7:59  Probe  
  120  8:02  Zealot x3  
  120  8:04  Templar Archives  
  127  8:09  Zealot  
  127  8:10  Zealot x2  
  127  8:21  Pylon  
  127  8:22  Probe  
  127  8:27  Pylon, Protoss Ground Weapons Level 2 (Chrono Boost), Photon Cannon  
  118  8:31  Zealot x5  
  124  8:37  Warp Prism (Chrono Boost)  
  124  8:39  Pylon  
  126  8:45  Gateway  
  126  8:51  High Templar x4, Gateway  
  126  8:52  Zealot  
  134  8:57  Archon  
  134  8:58  Archon  
  134  9:02  Zealot  
  136  9:03  Disruptor (Chrono Boost)  
  139  9:12  Phoenix  
  133  9:19  Nexus  
  133  9:21  Probe (Chrono Boost)  
  136  9:24  Probe (Chrono Boost)  
  136  9:25  Probe (Chrono Boost), Zealot x4  
  136  9:30  Probe (Chrono Boost)  
  145  9:34  Probe (Chrono Boost)  
  145  9:37  Probe (Chrono Boost)  
  145  9:40  Disruptor (Chrono Boost)  
  145  9:42  Probe (Chrono Boost)  
  144  9:47  Zealot x2  
  144  9:50  Pylon  
  144  9:51  Blink  
  148  9:53  Pylon  
  140  10:07  Nexus, Probe  
  140  10:09  Probe  
  140  10:13  Disruptor (Chrono Boost)  
  136  10:16  Pylon, Stalker x3  
  143  10:27  Stalker x3  
  149  10:36  Shield Battery  
  149  10:37  Photon Cannon  
  147  10:46  Disruptor  
  150  10:50  Zealot x5  
  150  10:54  Stalker  
  160  11:03  Stalker x2  
  135  11:12  Stalker x3  
  139  11:20  Zealot x3  
  143  11:28  Protoss Ground Weapons Level 3 (Chrono Boost)  
  143  11:31  Stalker x2  
  143  11:32  Probe (Chrono Boost)  
  144  11:33  Probe (Chrono Boost)  
  144  11:35  Probe (Chrono Boost)  
  144  11:37  Stalker  
  140  11:57  Disruptor (Chrono Boost)  
  140  11:58  Zealot x6  
  155  12:02  Forge  
  155  12:03  Probe  
  156  12:08  Stalker  
  156  12:09  Zealot  
  160  12:16  Robotics Facility  
  156  12:26  Stalker x6  
  168  12:30  Protoss Ground Armor Level 1 (Chrono Boost)  
  168  12:32  Probe  
  168  12:34  Assimilator  
  169  12:38  Assimilator  
  169  12:41  Zealot x2  
  169  12:42  Probe (Chrono Boost)  
  174  12:45  Probe (Chrono Boost)  
  177  12:51  Probe x2 (Chrono Boost)  
  177  12:53  Probe (Chrono Boost)  
  177  12:55  Probe (Chrono Boost)  
  177  13:01  Zealot x3  
  179  13:06  Warp Prism (Chrono Boost)  
  179  13:11  Nexus  
  181  13:16  Zealot x2  
  188  13:20  Pylon  
  188  13:22  Disruptor (Chrono Boost)  
  184  13:31  High Templar x2  
  188  13:36  Pylon  
  188  13:38  Pylon  
  188  13:40  Dark Shrine, Pylon  
  188  13:42  Gateway  
  188  13:44  Archon  
  188  13:45  Probe  
  188  13:46  Gateway  
  188  13:47  Pylon  
  188  13:48  Disruptor (Chrono Boost)  
  184  14:20  Disruptor x2 (Chrono Boost)  
  188  14:26  Protoss Shields Level 1 (Chrono Boost), Protoss Ground Armor Level 2 (Chrono Boost)  
  188  14:27  Zealot x2  
  188  14:28  Zealot x6  
  196  14:35  Probe  
  196  14:37  Probe, Gateway  
  192  14:47  Zealot x2  
  192  14:48  Zealot x2  
  192  14:52  Shadow Stride (Chrono Boost)  
  189  15:29  Zealot x7  
  189  15:32  Zealot x4  
  167  15:40  Stalker x4  
  159  15:43  Probe  
  159  15:44  Probe x4  
  159  15:46  Photon Cannon  
  159  15:48  Photon Cannon  
  160  15:50  Disruptor  
  160  15:52  Stalker x7  
  160  15:55  Probe  
  160  15:56  Probe  
  160  15:57  Probe x2  
  167  16:09  Zealot x4  
  175  16:16  Zealot x7  
  193  16:40  Dark Templar x3  
Tags
 
Add a new tag
Caveats
  • Supply blocks, unpowered buildings, or Contaminate may cause inaccurate times.
  • Supply counts are checked every 10 seconds.